 Dungeon Crawl Stone Soup version 0.23.2 (webtiles) character file.

Game seed: 8659822455924397510

66 myga the Vandal (level 4, 0/29 HPs)
             Began as a Halfling Hunter on Apr 3, 2019.
             Succumbed to a worker ant's poison
             ... on level 2 of the Dungeon.
             The game lasted 00:06:28 (1313 turns).

myga the Vandal (Halfling Hunter)                   Turns: 1313, Time: 00:06:29

Health: 0/29       AC:  8    Str: 14    XL:     4   Next: 37%
Magic:  4/4        EV: 14    Int: 14    God:
Gold:   25         SH:  0    Dex: 19    Spells: 3/3 levels left

rFire    . . .     SeeInvis .   a - +1 hunting sling
rCold    . . .     Gourm    .   (shield restricted)
rNeg     . . .     Faith    .   b - +0 chain mail
rPois    .         Spirit   .   (no helmet)
rElec    .         Reflect  .   (no cloak)
rCorr    .         Harm     .   (no gloves)
MR       .....                  (no boots)
Stlth    ..........             (no amulet)
HPRegen  0.09/turn              (no ring)
MPRegen  0.09/turn              (no ring)

@: brilliant, agile, lethally poisoned (0 -> -2)
A: small, mutation resistance 1
a: no special abilities


You were on level 2 of the Dungeon.
You were not hungry.

You visited 1 branch of the dungeon, and saw 2 of its levels.

You collected 25 gold pieces.

Inventory:

Hand Weapons
 a - a +1 hunting sling (weapon)
 h - a +0 dagger
Missiles
 e - 21 arrows
 g - 5 stones (quivered)
 m - 8 poisoned needles
Armour
 b - a +0 chain mail (worn)
 c - a +0 leather armour
Scrolls
 n - a scroll of blinking {unknown}
 o - a scroll of amnesia {unknown}
 p - a scroll of enchant weapon {unknown}
Comestibles
 f - 3 rations


   Skills:
 + Level 2.2 Fighting
 + Level 0.8 Short Blades
 + Level 7.1 Slings
 + Level 1.0 Armour
 + Level 2.5 Dodging
 + Level 1.2 Stealth


You had 3 spell levels left.
You didn't know any spells.
Your spell library was empty.

Dungeon Overview and Level Annotations

Branches:
Dungeon (2/15)

Altars:


Innate Abilities, Weirdness & Mutations

You are small and have problems with some larger weapons.
You are somewhat resistant to further mutation.


Message History

You shoot a sling bullet. The sling bullet hits the worker ant.
You kill the worker ant!
Your Slings skill increases to level 7!
Your Armour skill increases to level 1!
You have reached level 4!
You aren't carrying any potions.
Unknown command.
As you read the scroll labeled TIJELLUSTOA, it crumbles to dust.
You smell the scent of fear.
It was a scroll of random uselessness.
The goblin hits you but does no damage.
As you read the scroll labeled DYEC YXKUELAEK, it crumbles to dust.
You feel blessed for a moment.
It was a scroll of remove curse.
* * * LOW HITPOINT WARNING * * *
You feel sick. The goblin closely misses you.
Really attack while wielding your +1 hunting sling? [Y]es or [N]o only, please.
Really attack while wielding your +1 hunting sling? [Y]es or [N]o only, please.
Really attack while wielding your +1 hunting sling?
Okay, then.
You die...

####(# #..(.#
##.#######
####..<#....#
#..(.....##.#
#...(######.#
#......g..#.#
########.##.#
########@##รท########
#..................#
#......#.#.........#
#......#.#.........#
#......+.#.........#
#....).###.....<...#
#.....)# #.........#
#......# #.........#
#......# ###########


You could see a goblin.

Vanquished Creatures
  A worker ant (D:2)
  2 dart slugs (D:1)
  A leopard gecko (D:1)
  A ball python (D:1)
  6 bats (D:1)
  4 goblins (D:1)
  6 hobgoblins
  5 jackals (D:1)
  4 kobolds
  5 rats
35 creatures vanquished.

Notes
Turn   | Place    | Note
-------+----------+-------------------------------------------
     0 | D:1      | myga the Halfling Hunter began the quest for the Orb.
     0 | D:1      | Reached XP level 1. HP: 14/14 MP: 1/1
   139 | D:1      | Reached skill level 6 in Slings
   377 | D:1      | Reached XP level 2. HP: 19/19 MP: 2/2
   626 | D:1      | Reached XP level 3. HP: 21/24 MP: 3/3
  1305 | D:2      | HP: 1/24 [poisoned by a worker ant]
  1307 | D:2      | Reached skill level 7 in Slings
  1307 | D:2      | Reached skill level 1 in Armour
  1307 | D:2      | Reached XP level 4. HP: 2/29 MP: 4/4
  1313 | D:2      | Succumbed to a worker ant's poison

Skill      XL: |  1  2  3 |
---------------+----------+-----
Slings         | 6 7 |  7.1
Fighting       | 2 |  2.2
Armour         | 1 |  1.0
Short Blades   | |  0.8
Dodging        | |  2.5
Stealth        | |  1.2

Action                   |  1- 3 |  4- 6 || total
-------------------------+-------+-------++-------
Melee: Short sword       |    39 |       ||    39
       Dagger            |     5 |       ||     5
 Fire: Hunting sling     |    74 |       ||    74
  Use: Potion            |     2 |       ||     2
       Scroll            |       |     2 ||     2
 Stab: Sleeping          |     1 |       ||     1
  Eat: Chunk             |     1 |       ||     1
Armor: Leather armour    |    12 |       ||    12
       Chain mail        |     4 |     1 ||     5
Dodge: Dodged            |    44 |     1 ||    45
